 Dungeon Crawl Stone Soup version 0.23.1 (webtiles) character file.

Game seed: 0

400 elfaar the Cudgeler (level 6, -9/56 HPs)
             Began as a Minotaur Berserker on Mar 7, 2019.
             Was a Priest of Trog.
             Killed by divine providence
             ... invoked by an orc priest
              (16 damage)
             ... on level 4 of the Dungeon.
             The game lasted 00:15:51 (2523 turns).

elfaar the Cudgeler (Minotaur Berserker)            Turns: 2523, Time: 00:15:51

Health: -9/56      AC:  6    Str: 23    XL:     6   Next: 54%
Magic:  5/5        EV: 12    Int:  4    God:    Trog [***...]
Gold:   234        SH:  0    Dex: 10    Spells: 5/5 levels left

rFire    . . .     SeeInvis .   l - +0 flail
rCold    . . .     Gourm    .   (no shield)
rNeg     . . .     Faith    .   j - +0 ring mail (curse)
rPois    .         Spirit   .   (helmet restricted)
rElec    .         Reflect  .   (no cloak)
rCorr    .         Harm     .   (no gloves)
MR       .....                  (no boots)
Stlth    +.........             (no amulet)
HPRegen  0.18/turn              m - +2 ring of slaying
MPRegen  0.09/turn              (no ring)

@: lethally poisoned (-9 -> -12)
A: retaliatory headbutt, horns 2
a: Berserk, Trog's Hand, Renounce Religion


You were on level 4 of the Dungeon.
You worshipped Trog.
Trog was most pleased with you.
You were very hungry.

You visited 1 branch of the dungeon, and saw 4 of its levels.

You collected 234 gold pieces.

Inventory:

Hand Weapons
 a - a +0 mace
 f - a +0 mace
 k - a +3 quarterstaff of chaos
 l - a +0 flail (weapon)
 t - a +0 blowgun
Missiles
 i - 50 stones (quivered)
 r - 24 poisoned needles
Armour
 e - a +0 ring mail
 j - a cursed +0 ring mail (worn)
 s - a +0 scale mail
Jewellery
 m - a +2 ring of slaying (left hand)
Wands
 q - a wand of random effects (17)
Scrolls
 g - 5 scrolls of identify
 h - a scroll of teleportation
Potions
 b - 2 potions of might
 n - a potion of berserk rage {unknown}
 o - a potion of curing
 p - a potion of heal wounds
Comestibles
 c - 8 rations


   Skills:
 + Level 5.5 Fighting
 + Level 6.0(6.1) Maces & Flails
 + Level 1.4(4.1) Staves
 + Level 4.4 Armour
 + Level 3.1 Dodging
 + Level 0.2 Stealth


You had 5 spell levels left.
You didn't know any spells.
Your spell library was empty.

Dungeon Overview and Level Annotations

Branches:
Dungeon (4/15)
 Temple: D:4-7

Altars:
Okawaru
Trog


Innate Abilities, Weirdness & Mutations

You reflexively headbutt those who attack you in melee.
You have a pair of horns on your head.


Message History

The orc priest is lightly wounded.
The orc priest closely misses you.
You closely miss the orc priest.
The orc priest is lightly wounded.
The orc priest hits you but does no damage.
You barely miss the orc priest.
The orc priest is lightly wounded.
The orc priest hits you with a +1 mace of protection.
* * * LOW HITPOINT WARNING * * *
The worker ant bites you.
* * * LOW HITPOINT WARNING * * *
You are poisoned.
The worker ant poisons you!
You see here a +0 falchion.
You feel sick.
You feel sick.
You feel sick.
The orc priest invokes the aid of Beogh against you.
Beogh smites you!
You die...

......(.....#
?..(##.)####
.......#.#
.#####.#o#
#.#o########
#.h........#
##.........#
#....a....#
#.((.@....#
#.........#
#.........#
#........<#
#...[.....#
#......)..#
#..>......#
###########


You could see a black bear, a worker ant, an orc priest and an orc.

Vanquished Creatures
  A crimson imp (D:2)
  A hound (D:4)
  Crazy Yiuf (D:2)
  An orc wizard (D:4)
  A centaur skeleton (D:3)
  Jessica (D:2)
  Natasha (thrice) (D:2)
  4 adders
  An ooze (D:3)
  2 dart slugs
  3 leopard geckos
  6 orcs
  2 giant cockroaches
  15 goblins
  9 hobgoblins
  14 jackals
  12 kobolds
  2 quokkas
  5 bats
  4 frilled lizards
  5 rats
  A fungus (D:2)
94 creatures vanquished.

Notes
Turn   | Place    | Note
-------+----------+-------------------------------------------
     0 | D:1      | elfaar the Minotaur Berserker began the quest for the Orb.
     0 | D:1      | Reached XP level 1. HP: 19/19 MP: 0/0
    70 | D:1      | Reached skill level 4 in Maces & Flails
    70 | D:1      | Reached XP level 2. HP: 15/27 MP: 1/1
   645 | D:1      | Reached ** piety under Trog
  1023 | D:2      | Noticed Jessica
  1028 | D:2      | Killed Jessica
  1028 | D:2      | Reached XP level 3. HP: 31/34 MP: 2/2
  1162 | D:2      | Found a runed translucent door.
  1163 | D:2      | Noticed Crazy Yiuf
  1170 | D:2      | Killed Crazy Yiuf
  1170 | D:2      | Reached XP level 4. HP: 41/41 MP: 3/3
  1263 | D:2      | Reached skill level 5 in Maces & Flails
  1263 | D:2      | Reached XP level 5. HP: 40/47 MP: 4/4
  1336 | D:2      | Noticed Natasha
  1341 | D:2      | Killed Natasha
  1341 | D:2      | Reached skill level 5 in Fighting
  1452 | D:2      | Noticed Natasha
  1462 | D:2      | Killed Natasha
  1522 | D:2      | Noticed Natasha
  1526 | D:2      | Killed Natasha
  1526 | D:2      | Reached skill level 1 in Staves
  1646 | D:3      | Reached *** piety under Trog
  1897 | D:3      | Reached XP level 6. HP: 56/56 MP: 5/5
  2405 | D:3      | Found an iron altar of Okawaru.
  2405 | D:3      | Found a bloodstained altar of Trog.
  2506 | D:4      | Reached skill level 6 in Maces & Flails
  2523 | D:4      | Killed from afar by an orc priest

Skill      XL: |  1  2  3  4  5  6 |
---------------+-------------------+-----
Maces & Flails | 4 5 6 |  6.0
Fighting       | 4 5 |  5.5
Armour         | 3 4 |  4.4
Dodging        | 3 |  3.1
Staves         | 1 |  1.4
Stealth        | |  0.2

Action                   |  1- 3 |  4- 6 || total
-------------------------+-------+-------++-------
Melee: Mace              |    66 |     3 ||    69
       Headbutt          |     7 |    22 ||    29
       Quarterstaff      |       |    34 ||    34
       Flail             |       |    72 ||    72
Throw: Stone             |       |     7 ||     7
Invok: Berserk           |     1 |     1 ||     2
  Use: Scroll            |     3 |     4 ||     7
  Eat: Chunk             |       |     6 ||     6
Armor: Ring mail         |    24 |    42 ||    66
       Animal skin       |     1 |       ||     1
Dodge: Dodged            |    38 |    67 ||   105
